 Dungeon Crawl Stone Soup version 0.21.1-74-g47da925 (webtiles) character file.

39 wojtek the Conjurer (level 3, 0/24 HPs)
             Began as a Demonspawn Wizard on Aug 10, 2018.
             Slain by a gnoll
             ... wielding a +0 spear
              (4 damage)
             ... on level 2 of the Dungeon.
             The game lasted 00:02:59 (1657 turns).

wojtek the Conjurer (Demonspawn Wizard)             Turns: 1657, Time: 00:03:00

Health: 0/24       AC:  2    Str:  7    XL:     3   Next: 26%
Magic:  1/7        EV: 12    Int: 20    God:
Gold:   49         SH:  0    Dex: 11    Spells: 7/8 levels left

rFire    . . .     SeeInvis .   a - -2 dagger (curse)
rCold    + . .     Gourm    .   (no shield)
rNeg     . . .     Faith    .   f - +0 robe
rPois    .         Spirit   .   b - +0 hat
rElec    .         Reflect  .   (no cloak)
rCorr    .         Harm     .   (no gloves)
MR       .....                  (no boots)
Stlth    ++........             (no amulet)
HPRegen  0.08/turn              (no ring)
MPRegen  0.10/turn              (no ring)

@: no status effects
A: antennae 1, cold resistance 1
a: no special abilities


You were on level 2 of the Dungeon.
You were very hungry.

You visited 1 branch of the dungeon, and saw 2 of its levels.

You collected 49 gold pieces.

Inventory:

Hand Weapons
 a - a cursed -2 dagger (weapon)
Armour
 b - a +0 hat (worn)
 f - a +0 robe (worn)
Jewellery
 g - an uncursed amulet of magic regeneration {unknown}
Scrolls
 k - a scroll of remove curse
 l - a scroll of magic mapping {unknown}
 m - a scroll of identify
 n - a scroll of teleportation {unknown}
Potions
 e - a potion of degeneration {unknown}
 h - a potion of ambrosia {unknown}
 i - 2 potions of heal wounds {unknown}
 j - 2 potions of haste {unknown}
Books
 c - a book of Minor Magic

   Spells                             Type                      Level
   a - Magic Dart                     Conjuration                  1
   b - Blink                          Translocation                2
   c - Call Imp                       Summoning                    2
   d - Slow                           Hexes                        2
   e - Conjure Flame                  Conjuration/Fire             3
   f - Mephitic Cloud                 Conjuration/Poison/Air       3
Comestibles
 d - a ration


   Skills:
 - Level 1.7 Dodging
 - Level 1.7 Stealth
 - Level 3.0 Spellcasting
 + Level 3.2 Conjurations
   Level 1.0 Summonings
   Level 0.8 Translocations


You had 7 spell levels left.
You knew the following spells:

 Your Spells              Type           Power        Failure   Level  Hunger
a - Magic Dart            Conj           ###.         3%          1    None


Dungeon Overview and Level Annotations

Branches:
Dungeon (2/15)

Altars:


Innate Abilities, Weirdness & Mutations

You have a pair of small antennae on your head.
Your flesh is cold resistant. (rC+)


Message History

Aim: a gnoll, wielding a spear The magic dart hits the gnoll.
The gnoll is moderately wounded.
The gnoll misses you.
Casting: Magic Dart
Confirm with . or Enter, or press ? or * to list all spells.
You don't have enough magic to cast that spell.
No previous command to re-do.
A bat comes into view.
The bat hits you but does no damage. The bat hits you.
You closely miss the bat. The bat barely misses you.
The gnoll hits you from afar with a spear!
* * * LOW HITPOINT WARNING * * *
The bat hits you but does no damage. The bat closely misses you.
The bat misses you.
You barely miss the bat. The bat hits you but does no damage.
The gnoll barely misses you. The bat closely misses you.
The gnoll hits you from afar with a spear.
You die...

#.##........###
#.#.# #..g.........
#.#.# ############.
#.#.# #. #)#.# #.
#.#.# #. #.#.# #.
#.#.# #b######.#.#
#.@.g....#.#
#################.#
..................#
######..###########
...............#
######..######.#
#..# #..# #.# #..#
#.#


You could see a gnoll and a bat.

Vanquished Creatures
  A gnoll (D:2)
  A dart slug (D:1)
  A leopard gecko (D:1)
  A ball python (D:1)
  3 bats (D:1)
  6 goblins
  3 hobgoblins (D:1)
  5 frilled lizards
  2 kobolds (D:1)
  3 rats
26 creatures vanquished.

Notes
Turn   | Place    | Note
-------+----------+-------------------------------------------
     0 | D:1      | wojtek the Demonspawn Wizard began the quest for the Orb.
     0 | D:1      | Reached XP level 1. HP: 13/13 MP: 4/4
   429 | D:1      | Gained mutation: Your flesh is cold resistant. (rC+) [demonic ancestry]
   429 | D:1      | Reached XP level 2. HP: 19/19 MP: 3/6
  1528 | D:2      | Gained mutation: You have a pair of small antennae on your head. [demonic ancestry]
  1528 | D:2      | Reached XP level 3. HP: 24/24 MP: 5/7
  1657 | D:2      | Slain by a gnoll

Skill      XL: |  1  2 |
---------------+-------+-----
Conjurations   | 2 3 |  3.2
Dodging        | |  1.7
Stealth        | |  1.7
Spellcasting   | |  3.0
Summonings     | |  1.0
Translocations | |  0.8

Action                   || total
-------------------------++-------
Melee: Dagger            ||     6
 Cast: Magic Dart        ||    60
  Use: Scroll            ||     1
 Stab: Sleeping          ||     1
  Eat: Chunk             ||     1
Armor: Robe              ||     7
Dodge: Dodged            ||    24
